 Dungeon Crawl Stone Soup version 0.28.0-45-g0d030f2227 (webtiles) character file.

Game seed: 15992903098555897074

284 Descartes the Stinger (level 6, -3/39 HPs)
             Began as an Octopode Venom Mage on Apr 9, 2022.
             Slain by an ogre
             ... wielding a +0 giant club
              (24 damage)
             ... on level 4 of the Dungeon.
             The game lasted 00:07:18 (4263 turns).

Descartes the Stinger (Octopode Venom Mage)         Turns: 4263, Time: 00:07:19

Health: -3/39      AC:  1    Str: 10    XL:     6   Next: 29%
Magic:  9/10       EV: 14    Int: 17    God:
Gold:   108        SH:  5    Dex: 18    Spells: 9/10 levels left

rFire   . . .      SeeInvis .   b - +0 dagger
rCold   . . .      Faith    .   (no shield)
rNeg    . . .      Spirit   .   (helmet restricted)
rPois   .          Reflect  +   g - amulet of reflection
rElec   .          Harm     .   f - +6 ring of dexterity
rCorr   .          Rampage  .   (no ring)
Will    .....                   (no ring)
Stlth   ++++......              (no ring)
HPRegen 0.13/turn               (no ring)
MPRegen 0.12/turn               (no ring)
                                (no ring)
                                (no ring)

@: no status effects
A: almost no armour, amphibious, 8 rings, camouflage 1, gelatinous body 1,
(nimble swimmer 1), tentacles
a: no special abilities


You were on level 4 of the Dungeon.
You visited 1 branch of the dungeon, and saw 4 of its levels.

You collected 108 gold pieces.

Inventory:

Hand Weapons
 b - a +0 dagger (weapon)
Missiles
 a - 3 poisoned darts
 c - 94 sling bullets
 e - 122 stones
 m - 6 boomerangs
Jewellery
 f - a +6 ring of dexterity (left tentacle)
 g - an amulet of reflection (around mantle)
 l - a +4 ring of protection
Wands
 q - a wand of polymorph (12)
Scrolls
 h - a scroll of vulnerability {unknown}
 i - 2 scrolls of blinking {unknown}
 j - a scroll of summoning {unknown}
 k - a scroll of amnesia {unknown}
Potions
 d - 3 potions of curing {unknown}
 n - a potion of might
 o - a potion of brilliance {unknown}
 p - a potion of heal wounds


   Skills:
 + Level 2.2 Fighting
 + Level 3.1 Dodging
 + Level 4.4 Stealth
 + Level 2.9 Spellcasting
 + Level 2.5 Transmutations
 + Level 4.7 Poison Magic


You had 9 spell levels left.
You knew the following spells:

 Your Spells              Type           Power      Damage    Failure   Level
a - Sting                 Tmut/Pois      56%        1d5       4%          1

Your spell library contained the following spells:

 Spells                   Type           Power      Damage    Failure   Level
 Poisonous Vapours        Pois/Air       20%        N/A       10%         2
 Corpse Rot               Necr/Air       4%         N/A       26%         2
 Olgreb's Toxic Radiance  Pois           18%        N/A       26%         4
 Mephitic Cloud           Conj/Pois/Air  7%         N/A       28%         3
 Dispel Undead            Necr           2%         3d7       87%         4
 Death Channel            Necr           1%         N/A       100%        6


Dungeon Overview and Level Annotations

Branches:
Dungeon (4/15)
 Temple: D:4-7

Altars:


Innate Abilities, Weirdness & Mutations

You cannot wear most types of armour.
You are amphibious.
You can wear up to eight rings at the same time.
Your skin changes colour to match your surroundings (Stealth+).
Your rubbery body absorbs attacks. (AC +1, EV +1)
((You are camouflaged when in or above water. (Stealth+)))
You have tentacles for arms and can constrict up to eight enemies at once.


Message History

Unknown command.
The goblin shouts!
Casting: Sting (safe; 4% risk of failure)
Confirm with . or Enter, or press ? or * to list all spells.
Aiming: Sting (safe; 4% risk of failure)
Press: ? - help, Shift-Dir - straight line, f - ogre
Aim: an ogre, wielding a +0 giant club (86% to hit)
The sting hits the ogre but does no damage.
The ogre is poisoned.
A kobold comes into view. It is wielding a +0 dagger.
A hound skeleton comes into view.
You completely miss the ogre.
The ogre is lightly wounded.
An ogre comes into view. It is wielding a +0 giant club.
The ogre hits you with a +0 giant club!!
Ouch! That really hurt!
The kobold shouts!
The ogre shouts!
Unknown command.
The ogre looks more healthy.
Casting: Sting (safe; 4% risk of failure)
Confirm with . or Enter, or press ? or * to list all spells.
Aiming: Sting (safe; 4% risk of failure)
Press: ? - help, Shift-Dir - straight line, f/p - ogre
Aim: an ogre, wielding a +0 giant club (86% to hit)
The sting hits the scorpion.
The scorpion is poisoned.
The scorpion is moderately wounded.
The scorpion closely misses you. The scorpion barely misses you.
You kill the scorpion!
Casting: Sting (safe; 4% risk of failure)
Confirm with . or Enter, or press ? or * to list all spells.
Aiming: Sting (safe; 4% risk of failure)
Press: ? - help, Shift-Dir - straight line, f/p - ogre
Aim: an ogre, wielding a +0 giant club (86% to hit)
The sting hits the ogre but does no damage.
The ogre is poisoned.
There is a stone staircase leading up here.
The ogre hits you with a +0 giant club!!
Ouch! That really hurt!
You die...

.### ...# ...## ....# ##
....## .# ...#.### .#
.[.##..### .#
.#####...######### .# ##
#..........@########.##
#..#####....OKO.g.....#####
#..# #######............#
#..# ######..#..... #.##
#......### #.# ##.K....#
..# ##..O...## .. #.......#
#......##


You could see 2 ogres, a goblin and a kobold.

Vanquished Creatures
  A scorpion (D:4)
  A hound skeleton (D:2)
  8 gnolls
  5 adders
  3 dart slugs
  A worm (D:3)
  An orc (D:3)
  5 bats
  9 endoplasms
  A giant cockroach (D:1)
  9 goblins
  6 hobgoblins
  3 jackals (D:2)
  4 quokkas
  8 ball pythons
  10 frilled lizards
  4 kobolds
  8 rats
87 creatures vanquished.

Notes
Turn   | Place    | Note
-------+----------+-------------------------------------------
     0 | D:1      | Descartes the Octopode Venom Mage began the quest for the
                  | Orb.
     0 | D:1      | Reached XP level 1. HP: 11/11 MP: 3/3
    75 | D:1      | Reached XP level 2. HP: 11/18 MP: 0/5
   857 | D:1      | Reached XP level 3. HP: 11/22 MP: 4/6
  1379 | D:1      | Reached skill level 1 in Fighting
  1731 | D:2      | Reached XP level 4. HP: 24/28 MP: 7/7
  2298 | D:3      | Found a faded altar of an unknown god.
  2522 | D:2      | Reached XP level 5. HP: 5/33 MP: 5/8
  3984 | D:3      | Reached XP level 6. HP: 20/39 MP: 8/10
  4263 | D:4      | Slain by an ogre

Illustrated notes

Levels and vault maps discovered:
D:1:      amcnicky_arrival_feature_with_door, layout_basic, serial_rivers,
          chequers_serial_rivers_small_a, chequers_serial_rivers_micro_c,
          chequers_serial_rivers_micro_b, chequers_serial_rivers_room_a,
          chequers_serial_rivers_small_3, chequers_serial_rivers_room_a,
          nicolae_figureground_pulse
D:2:      layout_rooms, serial_rivers, chequers_serial_rivers_room_a,
          chequers_serial_rivers_large_b, chequers_serial_rivers_micro_d,
          chequers_serial_rivers_micro_a, chequers_serial_rivers_small_b,
          chequers_serial_rivers_large_a, dk_vineyard_3
D:3:      layout_loops_ring, shapermc_ecumenical_altar_totnotflames
D:4:      layout_cave_pods, minmay_circle_x

Skill      XL: |  1  2  3  4  5  6 |
---------------+-------------------+-----
Stealth        | 3 4 |  4.4
Fighting       | 1 2 |  2.2
Poison Magic   | 4 |  4.7
Transmutations | 2 |  2.5
Dodging        | 3 |  3.1
Spellcasting   | |  2.9

Action                   |  1- 3 |  4- 6 || total
-------------------------+-------+-------++-------
Melee: Unarmed           |    10 |     8 ||    18
       Constrict         |    18 |    23 ||    41
       Tentacles         |    14 |    24 ||    38
       Dagger            |    64 |    94 ||   158
       Punch             |       |     2 ||     2
 Cast: Sting             |    25 |    20 ||    45
 Stab: Sleeping          |     5 |    10 ||    15
Armor: Skin              |     8 |     4 ||    12
Dodge: Dodged            |    61 |    59 ||   120
Block: Other             |     5 |    19 ||    24
